 Dungeon Crawl Stone Soup version 0.27.0-1-g7a089689b8 (webtiles) character file.

Game seed: 4306444263124780850

127927 fram the Severer (level 17, -4/104 HPs)
             Began as a Gargoyle Fighter on Aug 8, 2021.
             Was the Champion of Okawaru.
             Slain by the 14-headed Lernaean hydra (6 damage)
             ... on level 3 of the Swamp.
             The game lasted 01:05:36 (21197 turns).

fram the Severer (Gargoyle Fighter)                Turns: 21197, Time: 01:05:37

Health: -4/104     AC: 33    Str: 30    XL:     17   Next: 2%
Magic:  21/23      EV: 10    Int: 12    God:    Okawaru [******]
Gold:   722        SH: 14    Dex:  6    Spells: 23/24 levels left

rFire    + + +     SeeInvis +   v - +0 war axe (flame)
rCold    + . .     Faith    .   c - +1 kite shield
rNeg     + . .     Spirit   .   E - +0 fire dragon scales
rPois    ∞         Reflect  .   X - +0 helmet {SInv}
rElec    +         Harm     .   I - +2 cloak {Stlth+}
rCorr    +         Rampage  .   m - +0 pair of gloves
Will     +....                  W - +1 pair of boots of the Thistle {rElec rF+}
Stlth    +.........             h - amulet of regeneration
HPRegen  1.27/turn              R - ring of resist corrosion
MPRegen  0.18/turn              a - ring of Yshylat {Wiz rC++ Str+6 Dex-3}

@: finesse-ful, flying, hasted, studying Fire Magic, very quick
A: sickness immunity, AC +12, big wings, negative energy resistance 1,
electricity resistance, torment resistance 1, petrification resistance
a: Renounce Religion, Heroism, Finesse


You were on level 3 of the Swamp.
You worshipped Okawaru.
Okawaru was exalted by your worship.
You visited 5 branches of the dungeon, and saw 27 of its levels.
You also visited: Ossuary, Ice Cave and Volcano.

You collected 3228 gold pieces.
You spent 2506 gold pieces at shops.

Inventory:

Hand Weapons
 v - a +0 war axe of flaming (weapon)
 C - a +7 vampiric broad axe
 Z - the +9 eveningstar "Imuf" {flame, rPois}
   (Okawaru gifted it to you in a volcano)

   It burns those it strikes, dealing additional fire damage.
   rPois:     It protects you from poison.
Missiles
 o - 11 javelins (quivered)
Armour
 c - a +1 kite shield (worn)
 m - a +0 pair of gloves (worn)
 E - +0 fire dragon scales (worn)
 I - a +2 cloak of stealth (worn)
 L - a scarf of harm
 W - the +1 pair of boots of the Thistle (worn) {rElec rF+}
   (Okawaru gifted it to you on level 14 of the Dungeon)

   rF:        It protects you from fire.
   rElec:     It insulates you from electricity.
 X - a +0 helmet of see invisible (worn)
Jewellery
 a - the ring of Yshylat (right hand) {Wiz rC++ Str+6 Dex-3}
   (You bought it in a shop on level 2 of the Orcish Mines)

   [ring of wizardry]

   It improves your spell success rate.
   Str:       It affects your strength (+6).
   Dex:       It affects your dexterity (-3).
   rC:        It greatly protects you from cold.
 h - an amulet of regeneration (around neck)
 s - a +6 ring of dexterity
 t - a ring of ice
 y - a ring of willpower
 O - a ring of magical power
 R - a ring of resist corrosion (left hand)
Wands
 u - a wand of paralysis (40)
 G - a wand of polymorph (7)
 H - a wand of charming (6)
 J - a wand of iceblast (23)
 K - a wand of mindburst (16)
 M - a wand of flame (31)
 Q - a wand of acid (7)
Scrolls
 f - a scroll of fear
 k - 11 scrolls of teleportation
 n - 2 scrolls of immolation
 q - 2 scrolls of magic mapping
 x - 4 scrolls of vulnerability
 A - a scroll of silence
 B - 4 scrolls of amnesia
 S - 2 scrolls of enchant armour
 T - 4 scrolls of identify
 V - a scroll of summoning
Potions
 b - a potion of ambrosia
 d - 2 potions of might
 e - a potion of heal wounds
 g - 4 potions of invisibility
 i - 2 potions of berserk rage
 j - 2 potions of haste
 l - a potion of resistance
 p - 4 potions of brilliance
 r - 13 potions of curing
 D - 2 potions of magic
 F - 3 potions of mutation
 N - 3 potions of cancellation
Miscellaneous
 z - a phantom mirror
 P - a condenser vane
 Y - a lightning rod (4/4)


   Skills:
 + Level 11.3 Fighting
 * Level 17.9 Axes
 + Level 1.4 Throwing
 + Level 10.3 Armour
 + Level 4.3 Dodging
 + Level 3.1 Stealth
 * Level 12.5 Shields
 + Level 4.2 Spellcasting
 + Level 4.0 Translocations
 * Level 8.7 Invocations
 + Level 7.1 Evocations


You had 23 spell levels left.
You knew the following spells:

 Your Spells              Type           Power      Damage    Failure   Level
a - Apportation           Tloc           24%        N/A       4%          1

Your spell library contained the following spells:

 Spells                   Type           Power      Damage    Failure   Level
 Animate Skeleton         Necr           4%         N/A       24%         1
 Corona                   Hex            2%         N/A       24%         1
 Sting                    Tmut/Pois      8%         1d3       24%         1
 Summon Small Mammal      Summ           8%         N/A       24%         1
 Passwall                 Tmut/Erth      1%         N/A       34%         2
 Poisonous Vapours        Pois/Air       4%         N/A       34%         2
 Ozocubu's Armour         Ice            2%         N/A       56%         3
 Stone Arrow              Conj/Erth      4%         3d7       56%         3
 Swiftness                Air            2%         N/A       56%         3
 Animate Armour           Summ/Erth      4%         N/A       91%         4
 Olgreb's Toxic Radiance  Pois           2%         N/A       91%         4
 Alistair's Intoxication  Tmut/Pois      1%         N/A       99%         5
 Invisibility             Hex            1%         N/A       100%        6
 Ozocubu's Refrigeration  Ice            1%         4d5       100%        7
 Lehudib's Crystal Spear  Conj/Erth      1%         10d2      100%        8


Dungeon Overview and Level Annotations

Branches:
Dungeon (14/15)            Temple (1/1) D:7            Lair (6/6) D:9
  Swamp (4/4) Lair:3        Snake (0/4) Lair:3        Slime (0/5) Lair:6
    Orc (2/2) D:9             Elf (0/3) Orc:2        Vaults (0/5) D:14
Ossuary (visited)           IceCv (visited)         Volcano (visited)

Altars:
Ashenzari
Cheibriados
Dithmenos
Elyvilon
Fedhas
Gozag
Hepliaklqana
Kikubaaqudgha
Makhleb
Nemelex Xobeh
Okawaru
Qazlal
Sif Muna
Trog
Uskayaw
Vehumet
Wu Jian
Xom
Yredelemnul
Zin
The Shining One
Beogh
Jiyva

Shops:
D:5 (   Orc:1 *(   Orc:2 [*(=

Annotations:
D:3 3 runed translucent doors, barott's ghost, amateur GrFi
Lair:3 exclusion: 3 oklob plants
Swamp:3 Lernaean hydra


Innate Abilities, Weirdness & Mutations

You are immune to sickness and miasma.
Your stone body is resilient. (AC +12)
You are immune to poison.
Your large and strong wings let you fly.
You resist negative energy. (rN+)
You are resistant to electric shocks. (rElec)
You are resistant to unholy torment.
You are immune to petrification.


Message History

You block the 16-headed Lernaean hydra's attack.
The 16-headed Lernaean hydra bites you!
* * * LOW HITPOINT WARNING * * *
The 16-headed Lernaean hydra bites you.
* * * LOW HITPOINT WARNING * * *
The 16-headed Lernaean hydra bites you but does no damage.
The 16-headed Lernaean hydra misses you.
The 16-headed Lernaean hydra bites you.
* * * LOW HITPOINT WARNING * * *
You block the 16-headed Lernaean hydra's attack.
The 16-headed Lernaean hydra bites you but does no damage.
The 16-headed Lernaean hydra closely misses you. x2
The 16-headed Lernaean hydra bites you.
* * * LOW HITPOINT WARNING * * *
The 16-headed Lernaean hydra bites you but does no damage.
You block the 16-headed Lernaean hydra's attack.
The 16-headed Lernaean hydra bites you but does no damage.
Unknown command.
You chop one of the 16-headed Lernaean hydra's heads off!
The flame cauterises the wound!
You slash the 15-headed Lernaean hydra! You burn the 15-headed Lernaean hydra.
The 15-headed Lernaean hydra is severely wounded.
Unknown command.
You lop one of the 15-headed Lernaean hydra's heads off!
The flame cauterises the wound!
You slash the 14-headed Lernaean hydra! You burn the 14-headed Lernaean hydra.
The 14-headed Lernaean hydra is almost dead.
You block the 14-headed Lernaean hydra's attack.
The 14-headed Lernaean hydra bites you!
* * * LOW HITPOINT WARNING * * *
The 14-headed Lernaean hydra bites you.
* * * LOW HITPOINT WARNING * * *
The 14-headed Lernaean hydra bites you.
* * * LOW HITPOINT WARNING * * *
The 14-headed Lernaean hydra bites you but does no damage.
The 14-headed Lernaean hydra barely misses you.
You block the 14-headed Lernaean hydra's attack.
The 14-headed Lernaean hydra bites you but does no damage.
The 14-headed Lernaean hydra bites you.
You die...

♣♣♣♣...≈.≈≈≈≈≈≈(≈≈≈..≈≈≈≈≈♣...≈§≈
♣♣.♣≈≈.≈.≈.≈≈≈≈..♣≈≈≈≈≈≈.≈≈≈.♣
♣.≈≈≈.≈.♣.≈.♣.≈≈♣≈≈≈≈≈♣..≈≈≈♣
♣♣.≈§≈.........≈≈♣≈≈≈≈♣...♣≈♣
♣♣..≈≈≈≈♣≈≈≈≈.≈...≈≈≈≈♣♣♣♣.≈≈♣
♣≈≈≈.§.≈≈.....≈§≈.♣≈♣♣♣ ♣...<
♣...≈≈.♣♣.≈♣†§≈≈≈≈.≈♣ ♣♣.♣.
♣♣.♣♣≈≈≈...≈≈.D†.≈.≈.♣ ♣.≈.
♣♣.♣♣♣≈≈≈.§≈≈.≈@†♣≈.≈♣♣ ♣.♣. ♣.♣♣
♣≈≈≈≈..≈≈§≈≈.≈..♣ ♣♣.≈ ♣♣♣
♣♣.≈.≈.≈.≈...♣♣.♣ ♣♣(♣
♣..♣.≈≈.≈.♣....♣ ♣.§.
♣♣♣♣♣♣....♣.♣♣.♣ ♣.≈.
♣≈♣♣.♣≈♣♣.♣♣ ♣≈≈♣
♣§≈...♣♣♣♣.♣♣♣♣♣♣♣.♣♣ ♣≈..≈♣♣
♣...≈.♣♣..♣. ♣♣..♣♣ ♣.≈≈≈....♣♣.


You could see the 14-headed Lernaean hydra (corroded).

Vanquished Creatures
  A tentacled monstrosity (Swamp:3)
  Rupert (Lair:3)
  A thorn hunter (Swamp:3)
  A frost giant (IceCv)
  2 orc warlords (Orc:1)
  5 bunyips
  2 eleionomae
  A fire dragon (Lair:6)
  Josephine (D:14)
  3 boulder beetles
  16 hydras
  A ghost crab (Swamp:3)
  A spriggan air mage (Swamp:2)
  11 alligators
  4 catoblepae
  2 dancing weapons (D:14)
  A two-headed ogre (Orc:1)
  A tengu warrior (D:14)
  An orc high priest (Orc:2)
  A hell knight (Volcano)
  13 death yaks
  A fire crab (Lair:6)
  4 goliath frogs
  A salamander mystic (Volcano)
  5 spriggan druids
  A bog body (Swamp:2)
  4 lindwurms (Lair:4)
  4 orc knights
  2 swamp dragons (Swamp:3)
  2 deep elf pyromancers (D:14)
  5 ugly things
  4 cyclopes
  4 orc sorcerers
  4 will-o-the-wisps
  8 elephants
  2 manticores
  6 salamanders (Volcano)
  6 black mambas
  An ice statue (IceCv)
  11 cane toads
  2 molten gargoyles (Lair:6)
  A torpor snail (Lair:6)
  4 rime drakes
  An unseen horror (D:10)
  7 komodo dragons
  A tengu conjurer (D:14)
  10 tyrant leeches
  4 trolls
  Grinder (D:4)
  7 hornets
  6 polar bears
  12 slime creatures
  2 dream sheep (Lair:6)
  10 blink frogs
  6 spriggans
  A shadow (D:12)
  8 wraiths
  68 yaks
  A vampire (D:13)
  Eustachio (D:6)
  8 basilisks
  4 wyverns
  8 humans (D:9)
  7 vampire mosquitoes
  4 steam dragons
  A death yak simulacrum (D:12)
  10 swamp worms
  7 wargs
  Edmund (D:5)
  Menkaure (D:5)
  An acid dragon (D:8)
  6 nagas
  12 water moccasins
  Duvessa (D:4)
  4 hell hounds (Lair:6)
  3 swamp drakes
  19 orc warriors
  2 black bears
  A sky beast (D:6)
  3 ice beasts (D:6)
  A necrophage (D:8)
  5 ogres
  15 wolves
  6 centaurs
  2 kobold brigands
  11 bullfrogs
  A gnoll sergeant (D:7)
  Dowan (D:4)
  2 cane toad simulacra (D:12)
  2 scorpions
  A wyvern zombie (D:7)
  A water moccasin skeleton (D:5)
  10 killer bees (D:9)
  2 elephant simulacra (D:12)
  2 howler monkeys
  5 wights
  An electric eel (Lair:3)
  5 lava snakes (Lair:6)
  4 centaur zombies
  A bullfrog skeleton (D:5)
  A gnoll shaman (D:7)
  7 hounds
  12 orc priests
  Crazy Yiuf (D:7)
  5 centaur skeletons
  4 iguanas
  Jessica (D:2)
  16 orc wizards
  A polar bear simulacrum (D:12)
  Natasha (twice) (D:2)
  8 mummies (Ossuary)
  A hound skeleton (D:4)
  A hound zombie (D:3)
  5 gnolls (D:7)
  2 naga simulacra (D:12)
  7 adders
  2 shadow imps (D:7)
  A white imp (D:7)
  An ufetubus (D:3)
  An adder skeleton (D:4)
  2 worms
  48 orcs
  A bat (D:2)
  5 endoplasms
  3 giant cockroaches
  8 goblins
  7 hobgoblins
  5 jackals
  6 quokkas
  4 ball pythons
  3 frilled lizards
  A giant cockroach zombie (D:3)
  2 gnoll zombies (Ossuary)
  A goblin zombie (D:5)
  2 hobgoblin zombies (Ossuary)
  11 kobolds
  3 kobold zombies (Ossuary)
  An orc zombie (Ossuary)
  5 rats
  A rat zombie (D:5)
  5 briar patches (Swamp:3)
682 creatures vanquished.

Vanquished Creatures (others)
  A ghost crab (Swamp:4)
  A hydra (Swamp:4)
  An alligator (Swamp:3)
  A komodo dragon (Lair:6)
  3 bloated husks
  A spriggan (Swamp:4)
  A swamp worm (Swamp:2)
  A centaur zombie (D:9)
  An orc wizard (Orc:2)
  A kobold (D:9)
  26 foxfires
  7 fungi
  12 plants
57 creatures vanquished.

Grand Total: 739 creatures vanquished

Notes
Turn   | Place    | Note
-------+----------+-------------------------------------------
     0 | D:1      | fram the Gargoyle Fighter began the quest for the Orb.
     0 | D:1      | Reached XP level 1. HP: 14/14 MP: 1/1
   168 | D:1      | Reached XP level 2. HP: 5/19 MP: 2/2
   288 | D:1      | Reached skill level 2 in Axes
   640 | D:2      | Noticed Jessica
   651 | D:2      | Killed Jessica
   652 | D:2      | Reached XP level 3. HP: 23/23 MP: 3/3
   700 | D:2      | Reached XP level 4. HP: 28/28 MP: 4/4
   841 | D:2      | Noticed Natasha
   844 | D:2      | Killed Natasha
  1073 | D:3      | Reached skill level 3 in Axes
  1073 | D:3      | Reached XP level 5. HP: 33/33 MP: 5/5
  1232 | D:3      | Found a runed translucent gate.
  1233 | D:3      | Found a runed translucent gate.
  1234 | D:3      | Found a runed translucent gate.
  1234 | D:3      | Noticed barott's ghost (amateur GrFi)
  1244 | D:3      | Noticed a kobold brigand
  1328 | D:3      | Found a faded altar of an unknown god.
  1410 | D:3      | Reached skill level 4 in Axes
  1410 | D:3      | Reached XP level 6. HP: 34/38 MP: 6/6
  1505 | D:4      | Found an opulent altar of Gozag.
  1567 | D:4      | Noticed a yak
  1568 | D:4      | Noticed a yak
  1569 | D:4      | Noticed a yak
  1570 | D:4      | Noticed a yak
  1570 | D:4      | Noticed a yak
  1571 | D:4      | Noticed a yak
  1587 | D:4      | Killed a yak
  1592 | D:4      | Killed a yak
  1593 | D:4      | Reached skill level 5 in Axes
  1593 | D:4      | Reached XP level 7. HP: 19/43 MP: 7/7
  1595 | D:4      | Killed a yak
  1596 | D:4      | Reached skill level 1 in Dodging
  1596 | D:4      | Reached skill level 5 in Shields
  1599 | D:4      | Killed a yak
  1600 | D:4      | Reached skill level 6 in Axes
  1602 | D:4      | Killed a yak
  1603 | D:4      | Reached skill level 5 in Armour
  1603 | D:4      | Reached XP level 8. HP: 15/48 MP: 8/8
  1629 | D:4      | Killed a yak
  1743 | D:4      | Noticed Dowan
  1745 | D:4      | Noticed Duvessa
  1776 | D:4      | Reached skill level 7 in Axes
  1787 | D:4      | Killed Duvessa
  1788 | D:4      | Reached skill level 1 in Throwing
  1789 | D:4      | Killed Dowan
  2007 | D:4      | Noticed Grinder
  2009 | D:4      | Paralysed by Grinder for 7 turns
  2027 | D:4      | Killed Grinder
  2091 | D:5      | Entered Level 5 of the Dungeon
  2095 | D:5      | Reached XP level 9. HP: 52/52 MP: 9/9
  2100 | D:5      | Noticed Menkaure
  2106 | D:5      | Killed Menkaure
  2107 | D:5      | Reached skill level 8 in Axes
  2140 | D:5      | Found Puacod's Hydra Hut.
  2142 | D:5      | Noticed a four-headed hydra
  2146 | D:5      | Bought a +0 war axe of flaming for 99 gold pieces
  2169 | D:5      | Noticed Edmund
  2202 | D:5      | Killed Edmund
  2247 | D:5      | Identified a scroll of acquirement
  2248 | D:5      | Acquired 428 gold pieces
  2399 | D:5      | Found a sand-covered staircase.
  2409 | Ossuary  | Entered an ossuary
  2898 | D:5      | Reached skill level 5 in Fighting
  3497 | D:6      | Reached skill level 9 in Axes
  4177 | D:6      | Noticed Eustachio
  4191 | D:6      | Killed Eustachio
  4317 | D:7      | Reached XP level 10. HP: 59/59 MP: 10/10
  4318 | D:7      | Reached skill level 10 in Axes
  4404 | D:7      | Found a staircase to the Ecumenical Temple.
  4412 | Temple   | Entered the Ecumenical Temple
  4647 | D:7      | Found a runed translucent door.
  4648 | D:7      | Noticed Crazy Yiuf
  4653 | D:7      | Killed Crazy Yiuf
  5031 | D:8      | Reached skill level 11 in Axes
  5346 | D:8      | Found a shimmering blue altar of Sif Muna.
  5574 | D:9      | Found a staircase to the Orcish Mines.
  5604 | D:9      | Reached XP level 11. HP: 33/64 MP: 11/11
  5835 | D:9      | Reached skill level 12 in Axes
  5933 | D:9      | Found a staircase to the Lair.
  5933 | D:9      | Noticed a catoblepas
  5976 | D:9      | Killed a catoblepas
  5980 | D:9      | Reached skill level 1 in Stealth
  6594 | D:10     | Entered Level 10 of the Dungeon
  6597 | D:10     | Noticed a cyclops
  6618 | D:9      | Reached skill level 1 in Evocations
  7252 | D:4      | Found a shadowy altar of Dithmenos.
  7268 | D:4      | Found a white marble altar of Elyvilon.
  7450 | D:3      | Found a basalt altar of Yredelemnul.
  7639 | D:2      | Noticed Natasha
  7647 | D:2      | Killed Natasha
  7811 | D:10     | Found an iron altar of Okawaru.
  7873 | D:10     | Became a worshipper of Warmaster Okawaru
  7943 | D:10     | Killed a cyclops
  8042 | D:10     | Found a snail-covered altar of Cheibriados.
  8363 | D:10     | Reached * piety under Okawaru
  8364 | D:10     | Reached XP level 12. HP: 69/72 MP: 12/12
  8421 | D:10     | Reached skill level 13 in Axes
  8619 | Lair:1   | Entered Level 1 of the Lair of Beasts
  8648 | Lair:1   | Reached ** piety under Okawaru
  8881 | Lair:1   | Reached *** piety under Okawaru
  9400 | Lair:2   | Noticed a catoblepas
  9400 | Lair:2   | Noticed a five-headed hydra
  9405 | Lair:2   | Reached **** piety under Okawaru
  9411 | Lair:2   | Killed a one-headed hydra
  9423 | Lair:2   | Killed a catoblepas
  9424 | Lair:2   | Reached skill level 14 in Axes
  9444 | Lair:2   | Reached skill level 10 in Shields
  9446 | Lair:2   | Reached XP level 13. HP: 56/78 MP: 13/13
  9453 | Lair:2   | Reached ***** piety under Okawaru
  9746 | Lair:2   | You fall into a shaft and drop 1 floor!
  9945 | Lair:3   | Found a staircase to the Snake Pit.
 10152 | Lair:3   | Reached skill level 5 in Evocations
 10206 | Lair:3   | Noticed Rupert
 10221 | Lair:3   | Reached skill level 1 in Invocations
 10267 | Lair:3   | Paralysed by Rupert for 2 turns
 10276 | Lair:3   | Killed Rupert
 10276 | Lair:3   | Received a gift from Okawaru
 10477 | Lair:3   | Found a staircase to the Swamp.
 11282 | Lair:6   | Entered Level 6 of the Lair of Beasts
 11292 | Lair:6   | Found a viscous altar of Jiyva.
 11292 | Lair:6   | Found a staircase to the Slime Pits.
 11305 | Lair:6   | Reached ****** piety under Okawaru
 11350 | Lair:6   | Reached skill level 15 in Axes
 11364 | Lair:6   | Received a gift from Okawaru
 11365 | Lair:6   | Gained mutation: Your large and strong wings let you fly.
                  | [Gargoyle growth]
 11365 | Lair:6   | Reached XP level 14. HP: 55/86 MP: 16/16
 11944 | Lair:6   | Found a large runed translucent door.
 11944 | Lair:6   | Found a large runed translucent door.
 12144 | Lair:5   | You are sucked into a shaft and drop 1 floor!
 12247 | Lair:5   | Identified the +12 hand crossbow of Sunlight {venom, rC+}
 12576 | Swamp:1  | Entered Level 1 of the Swamp
 12799 | Orc:1    | Entered Level 1 of the Orcish Mines
 12979 | Orc:1    | Found a dark tunnel.
 13002 | Volcano  | Entered a volcano
 13032 | Volcano  | Reached skill level 5 in Invocations
 13042 | Volcano  | Found a burning altar of Makhleb.
 13056 | Volcano  | Identified the +9 eveningstar "Imuf" {flame, rPois}
                  | (Okawaru gifted it to you in a volcano)
 13056 | Volcano  | Received a gift from Okawaru
 13292 | Orc:1    | Noticed an orc warlord
 13318 | Orc:1    | Killed an orc warlord
 13338 | Orc:1    | Found Quinopt's Weapon Boutique.
 13341 | Orc:1    | Bought a +3 vampiric broad axe for 464 gold pieces
 13379 | Orc:1    | Found Adoi's CLEARANCE SALE! EVERYTHING MUST GO!.
 13386 | Orc:1    | Bought a scroll of teleportation for 12 gold pieces
 13386 | Orc:1    | Bought a potion of berserk rage for 20 gold pieces
 13406 | Orc:2    | Entered Level 2 of the Orcish Mines
 13666 | Orc:2    | Reached skill level 16 in Axes
 13923 | Orc:2    | Noticed an orc warlord
 13939 | Orc:2    | HP: 1/87 [orc warrior (6)]
 14033 | Orc:1    | Killed an orc warlord
 14033 | Orc:1    | Received a gift from Okawaru
 14034 | Orc:1    | Reached XP level 15. HP: 69/92 MP: 17/19
 14075 | Orc:2    | Reached skill level 10 in Fighting
 14091 | Orc:2    | Found Qoziqacw's Antique Weapon Shop.
 14444 | Orc:2    | Found Heisase's Antique Armour Shop.
 14450 | Orc:2    | Bought a pair of glowing boots for 217 gold pieces
 14524 | Orc:2    | Found a staircase to the Elven Halls.
 14571 | Orc:2    | Found Haxzyrgh's General Store.
 14579 | Orc:2    | Found Fytwakluho's Jewellery Shop.
 14587 | Orc:2    | Bought the ring of Yshylat {Wiz rC++ Str+6 Dex-3} for 668
                  | gold pieces
 14621 | Orc:2    | Bought a scroll of acquirement for 936 gold pieces
 14621 | Orc:2    | Bought a potion of heal wounds for 90 gold pieces
 15649 | D:11     | Learned a level 1 spell: Apportation
 16158 | D:12     | Found a frozen archway.
 16193 | D:12     | Acquired a manual of Fire Magic
 16199 | IceCv    | Entered an ice cave
 16362 | IceCv    | Reached skill level 1 in Translocations
 16399 | IceCv    | Reached skill level 1 in Spellcasting
 16449 | IceCv    | Noticed a frost giant
 16461 | IceCv    | Received a gift from Okawaru
 16466 | IceCv    | Killed a frost giant
 18409 | D:14     | Identified the +1 pair of boots of the Thistle {rElec rF+}
                  | (Okawaru gifted it to you on level 14 of the Dungeon)
 18409 | D:14     | Received a gift from Okawaru
 18469 | D:14     | Reached skill level 17 in Axes
 18530 | D:14     | Noticed Josephine
 18543 | D:14     | Killed Josephine
 18559 | D:14     | Reached XP level 16. HP: 76/99 MP: 21/21
 18824 | D:14     | Found a gate to the Vaults.
 19499 | Swamp:2  | Reached skill level 10 in Armour
 19599 | Swamp:2  | Received a gift from Okawaru
 19781 | Swamp:3  | Noticed a thorn hunter
 19798 | Swamp:3  | Killed a thorn hunter
 19924 | Swamp:4  | Entered Level 4 of the Swamp
 19935 | Swamp:4  | Noticed a tentacled monstrosity
 20239 | Swamp:4  | HP: 1/100 [four-headed hydra (8)]
 20964 | Swamp:3  | Killed a tentacled monstrosity
 20991 | Swamp:3  | Reached XP level 17. HP: 37/104 MP: 23/23
 21050 | Swamp:4  | Noticed the 27-headed Lernaean hydra
 21068 | Swamp:4  | HP: 5/104 [the 22-headed Lernaean hydra (2)]
 21197 | Swamp:3  | HP: 2/104 [the 14-headed Lernaean hydra (5)]
 21197 | Swamp:3  | Slain by the 14-headed Lernaean hydra

Illustrated notes

Levels and vault maps discovered:
D:1:      dpeg_arrival_ternary, layout_basic
D:2:      layout_rooms, uniq_jessica, uniq_natasha
D:3:      layout_loops_ring, lemuel_zombie_altar_yredelemnul,
          gammafunk_ghost_nasty_kobolds, hellmonk_ecumenical_altar_run_dry
D:4:      layout_basic, grunt_gozag_statues, mainiacjoe_overflow_swirl,
          serial_glass, glass_columns_c, glass_columns_a, uniq_duvessa,
          uniq_grinder
D:5:      layout_layer_cave, enter_ossuary_4, doesnt_shop_hydraphobe,
          uniq_menkaure, uniq_edmund
D:6:      layout_gridville, uniq_eustachio
D:7:      layout_rooms, minmay_temple_entry_sparse_star, serial_bayou_pond_b,
          item_on_display_a, uniq_crazy_yiuf_cottage
D:8:      kennysheep_steamy, layout_cave_pools, lemuel_tele_altar,
          nicolae_ru_the_path_less_chosen
D:9:      erik_cavepeople, layout_basic, lair_entry_dummy,
          minmay_orc_entry_guard_dogs
D:10:     layout_long_grid, mainiacjoe_overflow_surrounded_room,
          nicolae_overflow_crystal_walls
D:11:     layout_basic, grunt_decor_clamped, hangedman_decor_lopped
D:12:     layout_grid_maze, portal_ice_cave_entry_ice_simulacra,
          item_on_display_a
D:13:     layout_stronghold, kennysheep_generic_room_4
D:14:     layout_long_grid, erik_vaults_1, serial_park_tiny_2, uniq_josephine
Temple:   zaba_magenta_temple
Lair:1:   layout_regular_city, amcnicky_mini_pool_medium
Lair:2:   layout_chaotic_city, guppyfry_lair_drakes
Lair:3:   layout_cave_pods, minmay_swamp_entry_reptiles,
          minmay_snake_entry_guardpost_large, infiniplex_staircase_pool,
          minmay_lair_oklob_chamber, uniq_rupert
Lair:4:   layout_layer_cave, minmay_lindwurm_lava
Lair:5:   layout_misc_corridors
Lair:6:   cheibrodos_lair_end_hotspot, layout_hall_layers, slime_altar_1,
          minivault_11, chequers_serial_rivers_marsh, st_stairs_9
Swamp:1:  layout_falls_marsh, nicolae_swamp_very_dense_foliage
Swamp:2:  layout_basic_swamp, evilmike_swamp_ruin_house_1, swamp_pool4
Swamp:3:  layout_falls_marsh, evilmike_swamp_ruin_house_4, swamp_pool1,
          nicolae_swamp_little_tower
Swamp:4:  swamp_basic_johnstein, layout_basic_swamp, swamp_pool1,
          nicolae_swamp_round_clearing, cheibrodos_swamp_pet_leeches
Orc:1:    layout_caves, basic_altar, serial_shops, nicolae_shop_behind_doors,
          nicolae_volcano_entry_two_sided, nicolae_shop_clearance
Orc:2:    grunt_orc_cross, layout_caves, nicolae_orc_crystal_geode

Skill      XL: |  1  2  3  4  5  6  7  8  9 10 11 12 13 14 15 16 |
---------------+-------------------------------------------------+-----
Axes           | 2 3 4 5 6 7 9 11 12 14 15 16 17 | 17.9
Shields        | 4 5 6 8 9 10 11 12 | 12.5
Armour         | 4 5 6 7 8 9 10 | 10.3
Fighting       | 4 5 6 7 8 9 10 11 | 11.3
Dodging        | 1 2 3 4 |  4.3
Throwing       | 1 |  1.4
Stealth        | 1 2 3 |  3.1
Evocations     | 2 4 5 6 7 |  7.1
Invocations    | 3 5 7 8 |  8.7
Translocations | 2 4 |  4.0
Spellcasting   | 2 4 |  4.2

Action                   |  1- 3 |  4- 6 |  7- 9 | 10-12 | 13-15 | 16-18 || total
-------------------------+-------+-------+-------+-------+-------+-------++-------
Melee: War axe           |    81 |   132 |   286 |   740 |   645 |    65 ||  1949
       Broad axe         |       |       |       |       |   523 |   363 ||   886
Throw: Javelin           |       |     3 |     9 |     3 |       |       ||    15
Invok: Heroism           |       |       |       |     1 |     5 |       ||     6
       Finesse           |       |       |       |       |       |     2 ||     2
Evoke: Wand              |       |       |       |     1 |    21 |     6 ||    28
       Condenser vane    |       |       |       |       |     1 |     1 ||     2
  Use: Potion            |       |     1 |       |       |     9 |    12 ||    22
       Scroll            |       |       |    15 |     5 |    13 |     6 ||    39
 Stab: Petrified         |       |       |       |     5 |       |       ||     5
       Sleeping          |       |       |       |       |     5 |       ||     5
       Distracted        |       |       |       |       |     1 |     1 ||     2
Armor: Scale mail        |    57 |    22 |       |       |       |       ||    79
       Chain mail        |       |    71 |   172 |   530 |   291 |       ||  1064
       Ring mail         |       |       |       |       |    86 |       ||    86
       Fire dragon scale |       |       |       |       |   177 |   419 ||   596
Dodge: Dodged            |    22 |    48 |    70 |   179 |   346 |   186 ||   851
Block: Kite shield       |    36 |    89 |   187 |   539 |   788 |   326 ||  1965
